 Dungeon Crawl Stone Soup version 0.17.0-22-g5edae84 (console) character file.

2 gw the Chiller (level 1, 0/13 HPs)
             Began as a Mummy Ice Elementalist on Nov 12, 2015.
             Slain by a giant gecko zombie (1 damage)
             ... on level 1 of the Dungeon.
             The game lasted 00:00:36 (273 turns).

gw the Chiller (Mummy Ice Elementalist)              Turns: 273, Time: 00:00:36

Health: 0/13       AC:  2    Str: 11    XL:     1   Next: 33%
Magic:  0/3        EV: 12    Int: 14    God:
Gold:   0          SH:  0    Dex: 12    Spells: 1 memorised, 3 levels left

rFire  x . .     SeeInvis .     (no weapon)
rCold  + . .     Clarity  .     a - +0 robe
rNeg   + + +     SustAt   .     (no shield)
rPois  ∞         Gourm    .     (no helmet)
rElec  .         Spirit   .     (no cloak)
rCorr  .         Warding  .     (no gloves)
rMut   .         Stasis   .     (no boots)
MR     .....                    (no amulet)
Stlth  ++........               (no ring)
                                (no ring)

@: not resistant to hostile enchantments, unstealthy
A: no food or potions, fire vulnerability, cold resistance 1, negative energy
resistance 3, torment resistance, unbreathing
a: no special abilities


You were on level 1 of the Dungeon.
You were not hungry.

You visited 1 branch of the dungeon, and saw 1 of its levels.

Inventory:

Armour
 a - a +0 robe (worn)
Books
 b - a book of Frost

   Spells                             Type                      Level
   a - Freeze                         Ice                          1
   b - Throw Frost                    Conjuration/Ice              2
   c - Ozocubu's Armour               Charms/Ice                   3
   d - Throw Icicle                   Conjuration/Ice              4
   e - Summon Ice Beast               Ice/Summoning                4
   f - Condensation Shield            Ice                          4


   Skills:
 + Level 0.2 Fighting
 + Level 0.1 Armour
 - Level 1.5 Dodging
 - Level 1.5 Stealth
 * Level 2.1 Spellcasting
   Level 0.7 Conjurations
 + Level 2.4 Ice Magic


You had 3 spell levels left.
You knew the following spells:

 Your Spells              Type           Power        Failure   Level  Hunger
a - Freeze                Ice            #...         12%         1    N/A

Dungeon Overview and Level Annotations

Branches:
Dungeon (1/15)

Altars:


Innate Abilities, Weirdness & Mutations

You do not eat or drink.
Your flesh is vulnerable to fire.
You are immune to poison.
Your flesh is cold resistant.
You are immune to negative energy.
You are immune to unholy pain and torment.
You can survive without breathing.


Message History

Aim: a jackal (heavily wounded)
You freeze the jackal.
You kill the jackal!
The giant gecko zombie misses you.
Unknown command.
Unknown command.
Unknown command.
Unknown command.
Attempting RANGED ATTACK TO (-1,0) x2
Fight failed Unknown command.
Unknown command.
Unknown command.
Unknown command.
Attempting RANGED ATTACK TO (-1,0) x2
Fight failed; Making a random move You hit the jackal.
The jackal is lightly wounded.
The giant gecko zombie bites you.
You die...

#....8# #~#.....+
#~#8...8# ##
#~###'######+### #..
#~#~#.##77.....77# #...
#~ 78.#7~.......~7
#....#~#~#.8#.........#
#.....~###.##...~7~...#
.....hhMZ..''...787...+
..##.#~###.##...~7~..=#
#~#~#.8#.........# #~
78.#7~.......~7
#~#~#.##77.....77#
#~###'######'###
#~#8...8##8#'#8##
.~#.....'.......+
#<...8####8####


You could see a giant gecko zombie and 2 jackals.

Table legend:
 A = Turns spent in this place as a percentage of turns spent in the entire game.
 B = Non-inter-level travel turns spent in this place as a percentage of non-inter-level travel turns spent in the entire game.
 C = Inter-level travel turns spent in this place as a percentage of turns spent in this place.
 D = Turns resting spent in this place as a percentage of non-inter-level travel turns spent in this place.
 E = Turns spent auto-exploring this place as a percentage of non-inter-level travel turns spent in this place.
 F = Non-inter-level travel turns spent in this place divided by the number of levels of this place that you've seen.
                   A       B       C       D       E      F
               +-------+-------+-------+-------+-------+----------------------
         Total | 100.0 | 100.0 |   0.0 |   0.5 |   0.5 | 801.0
       Dungeon | 100.0 | 100.0 |   0.0 |   0.5 |   0.5 | 801.0
               +-------+-------+-------+-------+-------+----------------------

Table legend:
 A = Kills in this place as a percentage of kills in entire the game.
 B = Kills by you in this place as a percentage of kills by you in the entire game.
 C = Kills by friends in this place as a percentage of kills by friends in the entire game.
 D = Other kills in this place as a percentage of other kills in the entire game.
 E = Experience gained in this place as a percentage of experience gained in the entire game.
 F = Experience gained in this place divided by the number of levels of this place that you have seen.
                   A       B       C       D       E      F
               +-------+-------+-------+-------+-------+----------------------
         Total | 100.0 | 100.0 |  -nan |  -nan | 100.0 |   4.0
       Dungeon | 100.0 | 100.0 |  -nan |  -nan | 100.0 |   4.0
               +-------+-------+-------+-------+-------+----------------------

Vanquished Creatures
  A bat zombie (D:1)
  A jackal (D:1)
2 creatures vanquished.

Notes
Turn   | Place    | Note
--------------------------------------------------------------
     0 | D:1      | gw the Mummy Ice Elementalist began the quest for the Orb.
     0 | D:1      | Reached XP level 1. HP: 13/13 MP: 3/3
   273 | D:1      | Slain by a giant gecko zombie

Action                   || total
-------------------------++-------
Melee: Unarmed           ||    15
 Cast: Freeze            ||    11

Vault maps used:
D:1:      saegor_arrival_fortress, minmay_misc_feat_roman, due_unseen_surprise
